 Dungeon Crawl Stone Soup version 0.28.0-53-g5a82cb258f (webtiles) character file.

Game seed: 17735840792314642168

476 Plasmagod the Covert (level 7, -7/59 HPs)
             Began as a Gnoll Delver on July 21, 2022.
             Killed from afar by Ijyb (28 damage)
             ... with a bolt of acid
             ... on level 4 of the Dungeon.
             The game lasted 00:08:40 (4279 turns).

Plasmagod the Covert (Gnoll Delver)                 Turns: 4279, Time: 00:08:40

Health: -7/59      AC:  0    Str: 13    XL:     7   Next: 10%
Magic:  10/10      EV: 13    Int:  9    God:
Gold:   158        SH:  0    Dex: 14    Spells: 10/10 levels left

rFire   . . .      SeeInvis .   a - +0 falchion
rCold   . . .      Faith    .   (no shield)
rNeg    . . .      Spirit   .   b - +0 leather armour
rPois   .          Reflect  .   (no helmet)
rElec   .          Harm     .   (no cloak)
rCorr   .          Rampage  .   (no gloves)
Will    .....                   (no boots)
Stlth   ++++......              (no amulet)
HPRegen 0.19/turn               (no ring)
MPRegen 0.12/turn               (no ring)

@: corroded
A: fangs 1, strong nose, distributed training
a: no special abilities


You were on level 4 of the Dungeon.
You visited 1 branch of the dungeon, and saw 5 of its levels.

You collected 158 gold pieces.

Inventory:

Hand Weapons
 a - a +0 falchion (weapon)
Armour
 b - a +0 leather armour (worn)
 p - a +2 robe of the Archmagi
Jewellery
 s - a +6 ring of dexterity
Wands
 g - a wand of digging (3)
 t - a wand of acid (5) (quivered)
Scrolls
 c - a scroll of fog
 d - a scroll of magic mapping
 e - a scroll of fear
 j - 2 scrolls of torment {unknown}
 k - 2 scrolls of amnesia {unknown}
 l - 2 scrolls of identify {unknown}
 q - a scroll of noise {unknown}
Potions
 f - a potion of haste
 h - a potion of lignification {unknown}
 i - a potion of cancellation {unknown}
 m - a potion of brilliance {unknown}
 n - a potion of might {unknown}
 o - a potion of flight {unknown}
 r - a potion of heal wounds {unknown}


   Skills:
 + Level 6.9 Fighting
 + Level 2.2 Short Blades
 + Level 5.1 Long Blades
 + Level 2.2 Axes
 + Level 2.2 Maces & Flails
 + Level 2.2 Polearms
 + Level 2.2 Staves
 + Level 2.2 Slings
 + Level 2.2 Bows
 + Level 2.2 Crossbows
 + Level 2.2 Throwing
 + Level 2.2 Armour
 + Level 5.1 Dodging
 + Level 9.8 Stealth
 + Level 2.2 Shields
 + Level 2.2 Unarmed Combat
 + Level 2.2 Spellcasting
 + Level 1.8 Conjurations
 + Level 1.8 Hexes
 + Level 1.8 Summonings
 + Level 1.8 Necromancy
 + Level 1.8 Translocations
 + Level 1.8 Transmutations
 + Level 1.8 Fire Magic
 + Level 1.8 Ice Magic
 + Level 1.8 Air Magic
 + Level 1.8 Earth Magic
 + Level 1.8 Poison Magic
 + Level 2.5 Invocations
 + Level 2.2 Evocations


You had 10 spell levels left.
You didn't know any spells.
Your spell library was empty.

Dungeon Overview and Level Annotations

Branches:
Dungeon (5/15)
 Temple: D:4-7

Altars:

Shops:
D:2 *::=

Annotations:
D:4 1 runed translucent door, Crazy Yiuf, Ijyb


Innate Abilities, Weirdness & Mutations

You have very sharp teeth.
Your uncanny sense of smell can sniff out nearby items.
Your experience applies equally to all skills.


Message History

You hit Ijyb but do no damage.
Ijyb is moderately wounded.
Ijyb barely misses you.
You hit Ijyb.
Ijyb is heavily wounded.
Ijyb hits you with a +0 dagger.
You hit Ijyb but do no damage. You bite Ijyb.
Ijyb is heavily wounded.
Ijyb hits you with a +0 dagger.
You closely miss Ijyb.
Ijyb is heavily wounded.
Ijyb barely misses you.
You hit Ijyb but do no damage. You punch Ijyb.
Ijyb is heavily wounded.
Ijyb hits you with a +0 dagger.
You hit Ijyb but do no damage.
Ijyb is heavily wounded.
Ijyb barely misses you.
You hit Ijyb but do no damage.
Ijyb is heavily wounded.
Ijyb misses you.
You hit Ijyb but do no damage. You bite Ijyb.
Ijyb is heavily wounded.
Ijyb drinks a potion.
Ijyb is healed!
You barely miss Ijyb.
Ijyb is moderately wounded.
Ijyb hits you with a +0 dagger.
You closely miss Ijyb.
Ijyb is moderately wounded.
Ijyb screams, "It's all mine!"
Ijyb hits you with a +0 dagger.
You barely miss Ijyb.
Ijyb is moderately wounded.
Ijyb screams, "I cut your head off!" Ijyb closely misses you.
You hit Ijyb but do no damage.
Ijyb is moderately wounded.
Ijyb zaps a wand.
The bolt of acid hits you!! The acid corrodes you!
Ijyb zaps a wand.
The bolt of acid hits you!!
You die...

#.# #.#####
#.# #.# #.#
## ##'## ...
.# #...#
#.##.# #####
#....#
#....####
##### #
#.##.g.....#
#)g.# #
#....@..#
#...# #
#####..##
... #.## #+#
#.# #.## #.#
##.# #.#
#.## #.#
##.# #.#
##.## #.#
##P..#


You could see Ijyb.

Vanquished Creatures
  Grinder (D:4)
  An ogre (D:4)
  A hound (D:3)
  2 hound skeletons (D:4)
  5 adders
  2 ufetubi (D:5)
  An adder skeleton (D:4)
  3 worms
  An orc (D:3)
  5 ball pythons
  4 bats
  11 endoplasms
  5 giant cockroaches
  10 goblins
  7 hobgoblins
  4 quokkas
  4 frilled lizards
  6 kobolds
  9 rats
82 creatures vanquished.

Notes
Turn   | Place    | Note
-------+----------+-------------------------------------------
     0 | D:5      | Reached skill level 9 in Stealth
     0 | D:5      | Plasmagod the Gnoll Delver began the quest for the Orb.
     0 | D:5      | Reached XP level 1. HP: 23/23 MP: 1/1
    16 | D:5      | Reached XP level 2. HP: 10/29 MP: 2/2
   119 | D:5      | Noticed a scorpion
   139 | D:5      | Noticed a sky beast
   288 | D:4      | Noticed Grinder
   475 | D:4      | Reached XP level 3. HP: 35/35 MP: 3/3
   498 | D:2      | Found Zyah's Book Shop.
   640 | D:2      | Found Ylugae's Jewellery Shoppe.
   877 | D:2      | Found Jiesk's General Store.
   958 | D:2      | Reached skill level 1 in Invocations
  1083 | D:2      | Found Jarib's Book Shoppe.
  1193 | D:2      | Reached skill level 1 in Short Blades
  1193 | D:2      | Reached skill level 1 in Axes
  1193 | D:2      | Reached skill level 1 in Maces & Flails
  1193 | D:2      | Reached skill level 1 in Polearms
  1193 | D:2      | Reached skill level 1 in Staves
  1193 | D:2      | Reached skill level 1 in Slings
  1193 | D:2      | Reached skill level 1 in Bows
  1193 | D:2      | Reached skill level 1 in Crossbows
  1193 | D:2      | Reached skill level 1 in Throwing
  1193 | D:2      | Reached skill level 1 in Armour
  1193 | D:2      | Reached skill level 1 in Shields
  1193 | D:2      | Reached skill level 1 in Unarmed Combat
  1193 | D:2      | Reached skill level 1 in Spellcasting
  1193 | D:2      | Reached skill level 1 in Evocations
  1301 | D:1      | Reached XP level 4. HP: 41/41 MP: 5/5
  2429 | D:3      | Reached skill level 1 in Conjurations
  2429 | D:3      | Reached skill level 1 in Hexes
  2429 | D:3      | Reached skill level 1 in Summonings
  2429 | D:3      | Reached skill level 1 in Necromancy
  2429 | D:3      | Reached skill level 1 in Translocations
  2429 | D:3      | Reached skill level 1 in Transmutations
  2429 | D:3      | Reached skill level 1 in Fire Magic
  2429 | D:3      | Reached skill level 1 in Ice Magic
  2429 | D:3      | Reached skill level 1 in Air Magic
  2429 | D:3      | Reached skill level 1 in Earth Magic
  2429 | D:3      | Reached skill level 1 in Poison Magic
  3007 | D:3      | Reached XP level 5. HP: 22/47 MP: 5/7
  3484 | D:4      | Noticed an ogre
  3505 | D:4      | Killed an ogre
  3506 | D:4      | Reached XP level 6. HP: 33/53 MP: 8/8
  3824 | D:4      | Killed Grinder
  3825 | D:4      | Reached skill level 5 in Long Blades
  3825 | D:4      | Reached skill level 5 in Dodging
  3975 | D:4      | Reached XP level 7. HP: 50/59 MP: 10/10
  4229 | D:4      | Found a runed translucent door.
  4230 | D:4      | Noticed Crazy Yiuf
  4256 | D:4      | Noticed Ijyb
  4279 | D:4      | Killed from afar by Ijyb

Illustrated notes

Levels and vault maps discovered:
D:1:      lemuel_arrival_river_ford, layout_basic, minmay_quantized
D:2:      layout_loops_cross, serial_shops, nicolae_shop_trees, shop_fountains,
          nicolae_shop_temple_entry_statues_fountains, shop_fountains
D:3:      layout_basic
D:4:      layout_loops_corners, uniq_ijyb, uniq_grinder, uniq_crazy_yiuf_cottage
D:5:      layout_basic

Skill      XL: |  1  2  3  4  5  6 |
---------------+-------------------+-----
Stealth        | |  9.8
Invocations    | 1 2 |  2.5
Short Blades   | 1 2 |  2.2
Axes           | 1 2 |  2.2
Maces & Flails | 1 2 |  2.2
Polearms       | 1 2 |  2.2
Staves         | 1 2 |  2.2
Slings         | 1 2 |  2.2
Bows           | 1 2 |  2.2
Crossbows      | 1 2 |  2.2
Throwing       | 1 2 |  2.2
Armour         | 1 2 |  2.2
Shields        | 1 2 |  2.2
Unarmed Combat | 1 2 |  2.2
Spellcasting   | 1 2 |  2.2
Evocations     | 1 2 |  2.2
Conjurations   | 1 |  1.8
Hexes          | 1 |  1.8
Summonings     | 1 |  1.8
Necromancy     | 1 |  1.8
Translocations | 1 |  1.8
Transmutations | 1 |  1.8
Fire Magic     | 1 |  1.8
Ice Magic      | 1 |  1.8
Air Magic      | 1 |  1.8
Earth Magic    | 1 |  1.8
Poison Magic   | 1 |  1.8
Long Blades    | 5 |  5.1
Dodging        | 5 |  5.1
Fighting       | |  6.9

Action                   |  1- 3 |  4- 6 |  7- 9 || total
-------------------------+-------+-------+-------++-------
Melee: Falchion          |    75 |   156 |    46 ||   277
       Bite              |     7 |    12 |     4 ||    23
       Punch             |       |     3 |     1 ||     4
Evoke: Wand              |       |     4 |       ||     4
 Stab: Sleeping          |    13 |    14 |     3 ||    30
Armor: Leather armour    |    14 |    36 |     9 ||    59
Dodge: Dodged            |    46 |    93 |    28 ||   167
